 Dungeon Crawl Stone Soup version 0.29.1-15-g9cfb28693d (webtiles) character file.

Game seed: 297575566336122615

70 croobank the Firebug (level 4, -3/32 HPs)
             Began as a Demonspawn Fire Elementalist on Apr 30, 2023.
             Slain by a goblin
             ... wielding a +0 club
             ... led by Robin
              (5 damage)
             ... on level 2 of the Dungeon.
             The game lasted 00:04:18 (1701 turns).

croobank the Firebug (Demonspawn Fire Elementalist) Turns: 1701, Time: 00:04:19

Health: -3/32      AC:  2    Str:  8    XL:     4   Next: 4%
Magic:  2/7        EV: 12    Int: 18    God:
Gold:   44         SH:  0    Dex: 14    Spells: 4/7 levels left

rFire   . . .      SeeInvis .   k - +5 whip (venom)
rCold   . . .      Faith    .   (no shield)
rNeg    . . .      Spirit   .   a - +0 robe
rPois   .          Reflect  .   (no helmet)
rElec   .          Harm     .   (no cloak)
rCorr   .          Rampage  .   (no gloves)
Will    .....                   (no boots)
Stlth   ++........              (no amulet)
HPRegen 0.10/turn               (no ring)
MPRegen 0.10/turn               (no ring)

@: about to teleport
A: weakness stinger 1
a: no special abilities


You were on level 2 of the Dungeon.
You visited 1 branch of the dungeon, and saw 2 of its levels.

You collected 64 gold pieces.
You spent 20 gold pieces at shops.

Inventory:

Hand Weapons
 e - a +0 mace
 f - a +0 quarterstaff
 k - a +5 whip of venom (weapon)
 n - a +1 dagger of venom
Missiles
 g - 11 poisoned darts
Armour
 a - a +0 robe (worn)
 h - a +0 leather armour
Scrolls
 c - a scroll of enchant weapon
 d - 2 scrolls of teleportation
 i - a scroll of identify
 j - a scroll of fear {unknown}
 l - a scroll of enchant armour {unknown}
Potions
 b - a potion of magic
 m - a potion of berserk rage


   Skills:
 + Level 1.0 Fighting
 + Level 2.2 Dodging
 + Level 2.3 Stealth
 + Level 2.4 Spellcasting
 + Level 1.8 Conjurations
 + Level 3.1 Fire Magic


You had 4 spell levels left.
You knew the following spells:

 Your Spells              Type           Power      Damage    Failure   Level
a - Foxfire               Conj/Fire      44%        2x1d6     6%          1
b - Scorch                Fire           26%        2d6       7%          2

Your spell library contained the following spells:

 Spells                   Type           Power      Damage    Failure   Level
 Conjure Flame            Conj/Fire      11%        6-21      19%         3
 Ensorcelled Hibernation  Hex/Ice        4%         N/A       26%         2
 Passwall                 Tmut/Erth      1%         N/A       26%         2
 Inner Flame              Hex/Fire       7%         N/A       26%         3
 Spider Form              Tmut/Pois      2%         N/A       45%         3
 Swiftness                Air            2%         N/A       45%         3
 Flame Wave               Conj/Fire      11%        2d6       52%         4
 Anguish                  Hex/Necr       1%         N/A       86%         4


Dungeon Overview and Level Annotations

Branches:
Dungeon (2/15)

Altars:

Shops:
D:1 *

Annotations:
D:2 Robin


Innate Abilities, Weirdness & Mutations

You have a small tail.


Message History

You kill the goblin!
You have reached level 4!
You feel agile.
You hit the hobgoblin but do no damage.
The hobgoblin is poisoned.
A goblin comes into view. It is wielding a +0 club.
The hobgoblin hits you. The hobgoblin barely misses you.
A goblin comes into view. It is wielding a +0 dagger.
You barely miss the hobgoblin. The hobgoblin hits you.
You completely miss the hobgoblin.
The goblin shouts!
Your tail-slap misses the hobgoblin.
The hobgoblin is severely wounded.
A goblin comes into view. It is wielding a +0 club.
The hobgoblin hits you.
You barely miss the hobgoblin.
The hobgoblin is severely wounded.
You kill the hobgoblin!
You barely miss the hobgoblin.
The goblin shouts!
Your tail-slap misses the hobgoblin.
The hobgoblin misses you.
You hit the hobgoblin.
You kill the hobgoblin!
Robin throws the goblin at you! The goblin hits you with a +0 club.
* * * LOW HITPOINT WARNING * * *
As you read the scroll labelled WUKKAW ZOGURCHEMO, it crumbles to dust.
It is a scroll of enchant weapon.
Your +4 whip of venom glows red for a moment.
The goblin hits you with a +0 club.
* * * LOW HITPOINT WARNING * * *
The goblin barely misses you.
Okay, then.
As you read the scroll labelled REMOITWUMIA, it crumbles to dust.
You feel strangely unstable.
It was a scroll of teleportation.
The goblin no longer looks unusually strong.
The goblin hits you with a +0 club.
* * * LOW HITPOINT WARNING * * *
Robin roars a battlecry!
The goblin goes into a battle-frenzy!
The goblin hits you with a +0 club.
You die...

##...######.####
#. ##'## #.# #.
#.# #.# #. #.#
#.# ## ##.## #.#
##...## #.#
#.....# #.#
##..g## #.# ##
##@#######.#
....###g##......#
.......gg..######
###.###g#### #.#
#######.#
#.......#
#.#####.#
#.#####.#####


You could see Robin and 4 goblins.

Vanquished Creatures
  3 adders (D:2)
  A dart slug (D:2)
  A ball python (D:1)
  4 bats
  3 endoplasms
  2 giant cockroaches
  9 goblins
  4 hobgoblins
  6 kobolds
  A quokka (D:1)
  A frilled lizard (D:2)
  A rat (D:2)
36 creatures vanquished.

Vanquished Creatures (others)
  51 foxfires
51 creatures vanquished.

Grand Total: 87 creatures vanquished

Notes
Turn   | Place    | Note
-------+----------+-------------------------------------------
     0 | D:1      | croobank the Demonspawn Fire Elementalist began the quest
                  | for the Orb.
     0 | D:1      | Reached XP level 1. HP: 13/13 MP: 3/3
   254 | D:1      | Discovered your monstrous ancestry.
   254 | D:1      | Gained mutation: You have a small tail. [demonic ancestry]
   254 | D:1      | Reached XP level 2. HP: 19/19 MP: 1/5
   257 | D:1      | Learned a level 2 spell: Scorch
   693 | D:1      | Found a faded altar of an unknown god.
  1073 | D:1      | Found Jueg's General Store.
  1081 | D:1      | Bought a scroll of identify for 20 gold pieces
  1217 | D:2      | Reached skill level 3 in Fire Magic
  1217 | D:2      | Reached XP level 3. HP: 16/25 MP: 3/6
  1645 | D:2      | Reached skill level 1 in Fighting
  1689 | D:2      | Noticed Robin
  1694 | D:2      | Reached XP level 4. HP: 21/32 MP: 1/7
  1701 | D:2      | Slain by a goblin

Illustrated notes

Levels and vault maps discovered:
D:1:      lightli_arrival_windingriver, layout_loops_ring,
          basic_ecumenical_altar, serial_shops, shop, palyth_stone_intersect,
          minmay_tromino_i2
D:2:      layout_loops_corners, serial_glass, glass_columns_b, glass_columns_b,
          glass_columns_a, glass_columns_b, kennysheep_generic_room_15,
          uniq_robin

Skill      XL: |  1  2  3 |
---------------+----------+-----
Stealth        | 2 |  2.3
Dodging        | 2 |  2.2
Fire Magic     | 3 |  3.1
Fighting       | 1 |  1.0
Spellcasting   | |  2.4
Conjurations   | |  1.8

Action                   |  1- 3 |  4- 6 || total
-------------------------+-------+-------++-------
Melee: Whip              |    26 |     6 ||    32
       Dagger            |     1 |       ||     1
       Tailslap          |     1 |       ||     1
 Cast: Foxfire           |    29 |       ||    29
       Scorch            |    10 |       ||    10
  Use: Scroll            |     1 |     2 ||     3
 Stab: Sleeping          |     3 |       ||     3
Armor: Robe              |     8 |     1 ||     9
Dodge: Dodged            |    21 |     3 ||    24
